 Dungeon Crawl Stone Soup version 0.19-a0-1065-gdac414d (webtiles) character file.

237 aronpayne the Skirmisher (level 6, -2/43 HPs)
             Began as a Halfling Berserker on Aug 3, 2016.
             Was a Believer of Trog.
             Slain by Grinder (6 damage)
             ... on level 3 of the Dungeon.
             The game lasted 00:07:43 (2308 turns).

aronpayne the Skirmisher (Halfling Berserker)       Turns: 2308, Time: 00:07:44

Health: -2/43      AC: 12    Str: 19    XL:     6   Next: 28%
Magic:  6/6        EV:  9    Int:  6    God:    Trog [**....]
Gold:   119        SH:  0    Dex: 14    Spells: 0 memorised, 5 levels left

rFire  . . .     SeeInvis .     a - +0 mace
rCold  . . .     Gourm    .     h - +0 plate armour
rNeg   . . .     Faith    .     (shield restricted)
rPois  .         Spirit   .     q - +0 helmet
rElec  .         Dismiss  .     (no cloak)
rCorr  .         Reflect  .     (no gloves)
SustAt .         Harm     .     (no boots)
MR     .....                    (no amulet)
Stlth  ..........               (no ring)
                                (no ring)

@: exhausted, starving, slowed, very slow
A: mutation resistance 1
a: Berserk, Trog's Hand, Burn Spellbooks, Renounce Religion


You were on level 3 of the Dungeon.
You worshipped Trog.
Trog was pleased with you.
You were starving.

You visited 1 branch of the dungeon, and saw 3 of its levels.

You collected 119 gold pieces.

Inventory:

Hand Weapons
 a - a +0 mace (weapon)
Armour
 h - a +0 plate armour (worn)
 q - a +0 helmet (worn)
Jewellery
 i - an uncursed amulet of harm {unknown}
Scrolls
 g - a scroll of magic mapping {unknown}
 k - a scroll of teleportation {unknown}
 l - a scroll of remove curse {unknown}
 n - a scroll of blinking {unknown}
 p - 2 scrolls of identify {unknown}
 r - a scroll of recharging
 s - a scroll of enchant weapon {unknown}
 t - a scroll of fog
 u - a scroll of enchant armour {unknown}
Potions
 b - 2 potions of flight {unknown}
 d - 4 potions of haste {unknown}
 e - a potion of brilliance {unknown}
 m - 3 potions of ambrosia {unknown}
 o - 2 potions of heal wounds {unknown}
Comestibles
 c - 4 bread rations
 f - 3 chunks of flesh
 j - 6 fruits


   Skills:
 + Level 3.9 Fighting
 + Level 3.7 Maces & Flails
 + Level 3.5 Armour
 + Level 3.2 Dodging


You had 5 spell levels left.
You didn't know any spells.

Dungeon Overview and Level Annotations

Branches:
Dungeon (3/15)

Altars:
Cheibriados
Gozag
Okawaru
Pakellas
Qazlal
Xom

Annotations:
D:3 Grinder


Innate Abilities, Weirdness & Mutations

You are small and have problems with some larger weapons.
You are somewhat resistant to further mutation.


Message History

Grinder gestures at you. Pain shoots through your body!
* * * LOW HITPOINT WARNING * * *
You hit Grinder.
Grinder is severely wounded.
Your skin stops crawling.
You feel less resistant to hostile enchantments.
Grinder gestures at you. Pain shoots through your body!
* * * LOW HITPOINT WARNING * * *
You hit Grinder but do no damage.
Grinder is severely wounded.
You are starving!
Grinder barely misses you. Grinder hits you but does no damage.
You completely miss Grinder.
Grinder is severely wounded.
Grinder closely misses you. Grinder hits you.
* * * LOW HITPOINT WARNING * * *
You writhe in agony.
You die...

...##......#.... .
...........####. .###
.....##.#### ## ...#####
.....#..# #####.....##
##......# .......>...#
#.#....## ...........##
#.#.##..##
...(.......5###รท#.###..#
......####..@...#.# ##)#
..... #..##)...####.#####
....
###..#..#..........## ..5
...........######.#... ..
#####....(.# #..### .
#....##.## ##....
#........# ###..
#.##.....########.#
#....##......#....#


You could see Grinder.

Vanquished Creatures
  2 crimson imps (D:3)
  A hound (D:3)
  Jessica (D:3)
  3 adders
  An ooze (D:2)
  4 worms
  4 giant geckos
  An orc (D:1)
  2 bats
  2 giant cockroaches
  8 goblins
  8 hobgoblins
  11 jackals
  A quokka (D:2)
  A ball python (D:2)
  5 giant newts
  3 kobolds
  13 rats
71 creatures vanquished.

Notes
Turn   | Place    | Note
-------+----------+-------------------------------------------
     0 | D:1      | aronpayne the Halfling Berserker began the quest for the Orb.
     0 | D:1      | Reached XP level 1. HP: 15/15 MP: 1/1
   253 | D:1      | Reached XP level 2. HP: 20/20 MP: 2/2
   765 | D:1      | Reached XP level 3. HP: 26/26 MP: 3/3
  1099 | D:2      | Reached ** piety under Trog
  1103 | D:2      | Reached XP level 4. HP: 26/31 MP: 4/4
  1167 | D:2      | Found an opulent altar of Gozag.
  1715 | D:2      | Found an iron altar of Okawaru.
  1715 | D:2      | Found a snail-covered altar of Cheibriados.
  1716 | D:2      | Found an oddly glowing altar of Pakellas.
  1937 | D:3      | Reached XP level 5. HP: 33/36 MP: 5/5
  1957 | D:3      | Noticed Jessica
  1965 | D:3      | Killed Jessica
  2045 | D:3      | Found a stormy altar of Qazlal.
  2099 | D:3      | Found a shimmering altar of Xom.
  2157 | D:3      | Reached XP level 6. HP: 42/43 MP: 6/6
  2246 | D:3      | Noticed Grinder
  2308 | D:3      | Slain by Grinder

Vault maps used:
D:1:      tarquinn_simple_flora_water_c
D:2:      grunt_gozag_breadcrumbs, gammafunk_temple_overflow_claw, first_bread,
          kennysheep_generic_room_7
D:3:      lemuel_crystal_altar, led_xom_imps, uniq_jessica, uniq_grinder

Skill      XL: |  1  2  3  4  5 |
---------------+----------------+-----
Fighting       | 3 |  3.9
Maces & Flails | 3 |  3.7
Armour         | 3 |  3.5
Dodging        | 3 |  3.2

Action                   |  1- 3 |  4- 6 || total
-------------------------+-------+-------++-------
Melee: Mace              |   129 |   252 ||   381
Invok: Burn Spellbooks   |       |     1 ||     1
       Trog's Hand       |       |     2 ||     2
       Berserk           |       |     1 ||     1
  Use: Scroll            |     2 |       ||     2
  Eat: Chunk             |     1 |     4 ||     5
Armor: Animal skin       |     2 |       ||     2
       Plate armour      |    70 |   151 ||   221
Dodge: Dodged            |    67 |   111 ||   178
